 Dungeon Crawl Stone Soup version 0.30-a0-393-g54b8e3be05 (webtiles) character file.

Game seed: 7497066822408265764

470 Engwar the Insei (level 7, -9/43 HPs)
             Began as an Octopode Transmuter on Dec 5, 2022.
             Mangled by Duvessa
             ... wielding a +0 rapier
              (21 damage)
             ... on level 5 of the Dungeon.
             The game lasted 00:11:09 (4391 turns).

Engwar the Insei (Octopode Transmuter)              Turns: 4391, Time: 00:11:09

Health: -9/43      AC:  2    Str:  9    XL:     7   Next: 9%
Magic:  4/10       EV: 19    Int: 18    God:
Gold:   228        SH:  0    Dex: 17    Spells: 1/11 levels left

rFire   . . .      SeeInvis .      - Unarmed
rCold   . . .      Faith    .    (shield currently unavailable)
rNeg    . . .      Spirit   .    (helmet currently unavailable)
rPois   x          Reflect  .    g - amulet of the acrobat
rElec   .          Harm     .    (no ring)
rCorr   .          Rampage  .    (no ring)
Will    .....                    (no ring)
Stlth   ++........               (no ring)
HPRegen 0.27/turn                (no ring)
MPRegen 0.12/turn                (no ring)
                                 (no ring)
                                 (no ring)

@: spider-form (expiring), very slightly contaminated
A: venomous fangs, almost no armour, (amphibious), 8 rings, tiny, (camouflage
1), (gelatinous body 1), (nimble swimmer 1), (tentacles)
a: End Transformation


You were on level 5 of the Dungeon.
You were a venomous arachnid creature.
You visited 1 branch of the dungeon, and saw 5 of its levels.

You collected 228 gold pieces.

Inventory:

Missiles
 i - 6 atropa-tipped darts
Armour
 c - a +0 buckler
Jewellery
 g - an amulet of the acrobat (around neck)
Scrolls
 l - a scroll of torment {unknown}
Potions
 a - a potion of lignification
 b - a potion of brilliance
 d - 3 potions of berserk rage
 e - 2 potions of haste {unknown}
 f - a potion of attraction {unknown}
 h - a potion of resistance {unknown}
 j - 2 potions of curing
 k - a potion of invisibility {unknown}


   Skills:
 - Level 1.0 Fighting
 - Level 2.0 Dodging
 - Level 1.0 Stealth
 - Level 5.0 Unarmed Combat
 - Level 2.5 Spellcasting
 + Level 4.6 Transmutations
 + Level 2.0 Ice Magic
 - Level 3.0 Poison Magic


You had one spell level left.
You knew the following spells:

 Your Spells              Type           Power      Damage    Failure   Level
a - Beastly Appendage     Tmut           36%        N/A       10%         1
b - Wereblood             Tmut           18%        N/A       12%         2
c - Spider Form           Tmut/Pois      15%        N/A       26%         3
d - Ice Form              Ice/Tmut       14%        N/A       63%         4

Your spell library contained the following spells:

 Spells                   Type           Power      Damage    Failure   Level
 Sandblast                Erth           4%         2d4       36%         1
 Passwall                 Tmut/Erth      8%         N/A       24%         2
 Blink                    Tloc           4%         N/A       47%         2
 Momentum Strike          Conj/Tloc      4%         3d8       47%         2
 Sublimation of Blood     Necr           2%         N/A       47%         2
 Lesser Beckoning         Tloc           4%         N/A       67%         3
 Stone Arrow              Conj/Erth      4%         3d7       67%         3
 Passage of Golubria      Tloc           2%         N/A       95%         4
 Silence                  Hex/Air        1%         N/A       100%        5
 Summon Hydra             Summ           1%         N/A       100%        7
 Lehudib's Crystal Spear  Conj/Erth      1%         10d2      100%        8
 Animate Armour           Summ/Erth      Unusable   N/A       N/A         4

Dungeon Overview and Level Annotations

Branches:
Dungeon (5/15)
 Temple: D:4-7

Altars:

Annotations:
D:5 Duvessa, Menkaure


Innate Abilities, Weirdness & Mutations

You are a venomous arachnid creature.
You have poisonous fangs.
You are tiny and dextrous.
Your spellcasting is less reliable in this form.
Your armour is entirely melded.
You are incapable of wielding weapons or throwing items.
You cannot wear most types of armour.
((You are amphibious.))
You can wear up to eight rings at the same time.
((Your skin changes colour to match your surroundings (Stealth+).))
((Your rubbery body absorbs attacks. (AC +1, EV +1)))
((You are camouflaged when in or above water. (Stealth+)))
((You have tentacles for arms and can constrict up to eight enemies at once.))


Message History

You aren't carrying any scrolls.
Okay, then.
Okay, then.
Things that are here:
a jackal skeleton; a jackal skeleton
l - a scroll labelled YNGYAG NOTHREKA You now have 228 gold pieces (gained 17).
Things that are here:
a +0 dagger; a +0 robe You see here a scorpion corpse.
Found a scroll labelled CIGEVA YMYN.
Casting: Spider Form (dangerous; 11% risk of failure)
Confirm with . or Enter, or press ? or * to list all spells.
Okay, then.
Found a whip.
Found a stone staircase leading down.
Duvessa goes berserk!
Casting: Spider Form (dangerous; 11% risk of failure)
Confirm with . or Enter, or press ? or * to list all spells.
You miscast Ice Form.
You are very lightly contaminated with residual magic.
Your limbs ache and wobble like jelly.
Casting: Ice Form (extremely dangerous; 41% risk of failure)
Confirm with . or Enter, or press ? or * to list all spells.
You turn into a venomous arachnid creature.
Duvessa barely misses you. Duvessa blocks your attack.
Duvessa hits you with a +0 rapier! Duvessa hits you but does no damage.
Duvessa blocks your attack. Duvessa hits you with a +0 rapier.
You hit Duvessa but do no damage.
Duvessa is poisoned.
Duvessa barely misses you.
You hit Duvessa but do no damage.
Duvessa looks as sick as possible!
Duvessa is lightly wounded.
Duvessa barely misses you. Duvessa hits you with a +0 rapier!
Duvessa completely misses you. Duvessa completely misses you.
Duvessa attacks as you move away! Duvessa hits you with a +0 rapier!
* * * LOW HITPOINT WARNING * * *
Your transformation is almost over.
You feel better. Duvessa hits you with a +0 rapier!!
You die...

.. ####..# #...#.bb#.
~~####..###...#####.
##.......#.........
......#)####.........
####..#.# #.........
~~ #..#†# #########'
#..#.###### #..
#.........# #.. #.##
#s.##..#..# #.. .#.
#e........# ##.. >.
##......#..# #...
#.##.......#....#
#### #?.#...#.#.#
.### #.#.......# #
#.....#...#..
#............
#...#####...)


You could see Duvessa (berserk, very poisoned).

Vanquished Creatures
  An ogre (D:5)
  A scorpion (D:5)
  Dowan (D:5)
  4 hounds
  Terence (D:3)
  5 adders
  2 white imps
  4 worms
  3 dart slugs
  An orc (D:5)
  7 endoplasms
  A giant cockroach (D:1)
  7 goblins
  6 hobgoblins
  3 jackals (D:5)
  6 kobolds
  4 quokkas
  6 ball pythons
  4 bats
  2 frilled lizards
  A rat (D:2)
70 creatures vanquished.

Vanquished Creatures (others)
  15 fungi (D:5)
15 creatures vanquished.

Grand Total: 85 creatures vanquished

Notes
Turn   | Place    | Note
-------+----------+-------------------------------------------
     0 | D:1      | Engwar the Octopode Transmuter began the quest for the Orb.
     0 | D:1      | Reached XP level 1. HP: 13/13 MP: 3/3
   165 | D:1      | You fall into a shaft and drop 1 floor!
   227 | D:1      | Reached XP level 2. HP: 18/18 MP: 3/5
   231 | D:1      | Learned a level 2 spell: Wereblood
   772 | D:2      | Reached XP level 3. HP: 13/23 MP: 4/6
   786 | D:2      | Learned a level 3 spell: Spider Form
  1520 | D:2      | Reached skill level 1 in Poison Magic
  1881 | D:3      | Noticed Terence
  1924 | D:3      | Killed Terence
  1925 | D:3      | Reached XP level 4. HP: 10/28 MP: 1/7
  2363 | D:3      | Reached skill level 4 in Unarmed Combat
  2461 | D:3      | Reached XP level 5. HP: 28/33 MP: 6/8
  3360 | D:4      | Identified the +0 leather armour of Inevitability {Will-
                  | Int+2 SInv}
  3392 | D:4      | Reached skill level 1 in Stealth
  3519 | D:5      | Entered Level 5 of the Dungeon
  3635 | D:5      | Noticed Duvessa
  3783 | D:5      | Noticed an ogre
  3846 | D:5      | Killed an ogre
  3847 | D:5      | Reached XP level 6. HP: 20/38 MP: 2/9
  3908 | D:5      | Learned a level 4 spell: Ice Form
  4113 | D:5      | Noticed Menkaure
  4223 | D:5      | Reached skill level 5 in Unarmed Combat
  4223 | D:5      | Reached skill level 1 in Ice Magic
  4241 | D:5      | Noticed Dowan
  4285 | D:5      | Killed Dowan
  4286 | D:5      | Reached XP level 7. HP: 31/43 MP: 6/10
  4390 | D:5      | HP: 2/43 [Duvessa/+0 rapier (14)]
  4391 | D:5      | Mangled by Duvessa

Illustrated notes

Levels and vault maps discovered:
D:1:      lightli_iron_boxes, layout_loops_ring, nicolae_wormholes
D:2:      layout_loops_corners
D:3:      minmay_general_purpose_star, layout_loops_corners, grunt_decor_cap,
          uniq_terence
D:4:      layout_cave_pools, nicolae_underground_beach
D:5:      layout_loops_ring, serial_aquarium, aquarium_bridge_square
          [aquarium_subvault_wall, aquarium_subvault_bridge,
          aquarium_subvault_bridge, aquarium_subvault_wall],
          aquarium_bridge_island_small [aquarium_subvault_small_water,
          aquarium_subvault_balcony, aquarium_subvault_bridge,
          aquarium_subvault_bridge, aquarium_subvault_wall],
          aquarium_window_fake, aquarium_window_fake, aquarium_window_1,
          aquarium_view_2b, aquarium_view_4, aquarium_balcony_3b,
          aquarium_pool_side, hangedman_decor_lopped, uniq_menkaure,
          uniq_duvessa

Skill      XL: |  1  2  3  4  5  6 |
---------------+-------------------+-----
Poison Magic   | 1 2 3 |  3.0
Transmutations | 3 4 |  4.6
Unarmed Combat | 4 5 |  5.0
Stealth        | 1 |  1.0
Ice Magic      | 2 |  2.0
Fighting       | |  1.0
Dodging        | |  2.0
Spellcasting   | |  2.5

Action                   |  1- 3 |  4- 6 |  7- 9 || total
-------------------------+-------+-------+-------++-------
Melee: Unarmed           |    82 |   115 |     4 ||   201
       Tentacles         |    20 |    27 |       ||    47
       Constrict         |    20 |    28 |       ||    48
       Punch             |     4 |     3 |       ||     7
       Kick              |     2 |    21 |       ||    23
 Cast: Beastly Appendage |     5 |    10 |       ||    15
       Spider Form       |     3 |     3 |     1 ||     7
  Use: Scroll            |     8 |     4 |       ||    12
       Potion            |       |       |     1 ||     1
 Stab: Sleeping          |     3 |     5 |       ||     8
Armor: Skin              |     5 |     5 |     1 ||    11
Dodge: Dodged            |    51 |    71 |     5 ||   127

Table legend: (Time is in decaauts)
 A = Elapsed time spent in this place.
 B = Non-inter-level travel time spent in this place.
 C = Inter-level travel time spent in this place.
 D = Time resting spent in this place.
 E = Time spent auto-exploring this place.
 F = Levels seen in this place.
 G = Mean time per level.
                   A        B        C        D        E       F      G
               +--------+--------+--------+--------+--------+-----+--------+
         Total |   4378 |   4164 |    214 |    116 |   3088 |   5 |  875.6 |
       Dungeon |   4378 |   4164 |    214 |    116 |   3088 |   5 |  875.6 |
               +--------+--------+--------+--------+--------+-----+--------+

Top non-repeatable levels by time:
     D:3: 1257 daAuts
     D:2: 1078 daAuts
     D:5: 853 daAuts
     D:1: 700 daAuts
     D:4: 488 daAuts
